 Dungeon Crawl Stone Soup version 0.27.1-35-g4d5d836560 (webtiles) character file.

Game seed: 16505719461551332818

81 Delamore the Sneak (level 4, 0/28 (29) HPs)
             Began as an Octopode Brigand on Apr 28, 2022.
             Slain by a wight (7 damage)
             ... on level 3 of the Dungeon.
             The game lasted 00:01:15 (1871 turns).

Delamore the Sneak (Octopode Brigand)               Turns: 1871, Time: 00:01:16

HP:   0/28 (29)     AC:  1    Str: 10    XL:     4   Next: 42%
MP:   4/4           EV: 12    Int: 13    God:
Gold: 173           SH:  0    Dex: 14    Spells: 3/3 levels left

rFire    . . .     SeeInvis .   a - +2 dagger
rCold    . . .     Faith    .   (no shield)
rNeg     . . .     Spirit   .   (helmet restricted)
rPois    .         Reflect  .   (no amulet)
rElec    .         Harm     .   (no ring)
rCorr    .         Rampage  .   (no ring)
Will     .....                  (no ring)
Stlth    ++++......             (no ring)
HPRegen  0.09/turn              (no ring)
MPRegen  0.09/turn              (no ring)
                                (no ring)
                                (no ring)

@: brilliant, lightly drained
A: almost no armour, amphibious, 8 rings, camouflage 1, gelatinous body 1,
(nimble swimmer 1), tentacles
a: no special abilities


You were on level 3 of the Dungeon.
You visited 1 branch of the dungeon, and saw 3 of its levels.

You collected 173 gold pieces.

Inventory:

Hand Weapons
 a - a +2 dagger (weapon)
Missiles
 b - 25 poisoned darts (quivered)
 c - 2 curare-tipped darts
Scrolls
 d - a scroll of identify {unknown}
 f - a scroll of summoning {unknown}
 j - a scroll of brand weapon {unknown}
 l - a scroll of vulnerability {unknown}
 n - a scroll of amnesia {unknown}
Potions
 e - a potion of brilliance
 g - a potion of heal wounds {unknown}
 h - a potion of resistance {unknown}
 i - 2 potions of ambrosia {unknown}
 k - a potion of curing {unknown}
 m - a potion of degeneration {unknown}


   Skills:
 - Level 2.0 Fighting
 * Level 3.9 Short Blades
 - Level 2.0 Throwing
 - Level 1.0 Dodging
 + Level 6.2 Stealth


You had 3 spell levels left.
You didn't know any spells.
Your spell library was empty.

Dungeon Overview and Level Annotations

Branches:
Dungeon (3/15)

Altars:

Annotations:
D:3 1 transporter


Innate Abilities, Weirdness & Mutations

You cannot wear most types of armour.
You are amphibious.
You can wear up to eight rings at the same time.
Your skin changes colour to match your surroundings (Stealth+).
Your rubbery body absorbs attacks. (AC +1, EV +1)
((You are camouflaged near water. (Stealth+)))
You have tentacles for arms and can constrict up to eight enemies at once.


Message History

An endoplasm is nearby!
An endoplasm is nearby!
The helpless endoplasm fails to defend itself.
You stick the endoplasm like a pincushion!!!
You kill the endoplasm!
No target in view!
No target in view!
No target in view!
No target in view!
n - a scroll labelled KEITUTHR ETALLE A wight comes into view.
It is wielding a +3 mace.
A wight is nearby!
The wight hits you with a +3 mace!
You feel drained.
You are too injured to fight recklessly!
You are too injured to fight recklessly!
You are too injured to fight recklessly!
You are too injured to fight recklessly!
You aren't carrying any items that you can evoke.
Unknown command.
You hit the wight but do no damage. You grab the wight. You squeeze the wight.
The wight is moderately damaged.
You constrict the wight, but do no damage.
The wight hits you with a +3 mace.
* * * LOW HITPOINT WARNING * * *
You hit the wight. Your squeeze misses the wight.
The wight is heavily damaged.
You constrict the wight, but do no damage.
A wight comes into view. It is wielding a +0 falchion.
You hit the wight but do no damage.
The wight is heavily damaged.
You constrict the wight, but do no damage.
The wight closely misses you.
A wight comes into view. It is wielding a +1 long sword.
You release your grip on the wight.
Okay, then.
An adder comes into view.
It was a potion of brilliance.
You feel clever all of a sudden. The wight hits you with a +3 mace!
You die...

#.. ... #.# #.# .. #.# #.#
#.. #.# #.# #.. #.# #.# #.#
###.####.# #.#
#.....##.###.#
#..#S.#...##.# #
##.........@z.##.###.#
.####..###.....##.......$#
#..............##...#.###.#
#.####..#.##.###.......#
##.#.#.##............
#....###.#.z.....### .##
#.#.####†##...#.## ###..#
#.#.###...##.##... ......
#.#........#.# #### #.##.#


You could see a wight and an adder (wandering).

Vanquished Creatures
  Jessica (D:2)
  2 adders (D:2)
  A worm (D:2)
  2 bats
  6 endoplasms
  A giant cockroach (D:2)
  3 goblins
  A hobgoblin (D:2)
  5 quokkas
  4 ball pythons
  2 frilled lizards (D:2)
  2 kobolds (D:1)
  2 rats
32 creatures vanquished.

Notes
Turn   | Place    | Note
-------+----------+-------------------------------------------
     0 | D:1      | Delamore the Octopode Brigand began the quest for the Orb.
     0 | D:1      | Reached XP level 1. HP: 14/14 MP: 1/1
   444 | D:1      | Reached XP level 2. HP: 19/19 MP: 2/2
   663 | D:1      | Found a faded altar of an unknown god.
  1020 | D:2      | Reached XP level 3. HP: 24/24 MP: 3/3
  1316 | D:2      | Noticed Jessica
  1318 | D:2      | Killed Jessica
  1319 | D:2      | Reached skill level 6 in Stealth
  1319 | D:2      | Reached XP level 4. HP: 29/29 MP: 4/4
  1786 | D:3      | Found a transporter.
  1871 | D:3      | Slain by a wight

Illustrated notes

Levels and vault maps discovered:
D:1:      mainiacjoe_arrival_reflecting_pool, layout_rooms,
          shapermc_ecumenical_altar_acropolis, kennysheep_minor_cross,
          serial_bayou_crossing
D:2:      layout_basic, uniq_jessica
D:3:      gammafunk_steamed_eel, layout_loops_ring

Skill      XL: |  1  2  3 |
---------------+----------+-----
Short Blades   | 3 |  3.9
Stealth        | 6 |  6.2
Fighting       | |  2.0
Throwing       | |  2.0
Dodging        | |  1.0

Action                   |  1- 3 |  4- 6 || total
-------------------------+-------+-------++-------
Melee: Dagger            |    50 |    22 ||    72
       Tentacles         |     7 |     1 ||     8
       Constrict         |     6 |     4 ||    10
  Use: Potion            |       |     1 ||     1
 Stab: Sleeping          |     8 |     4 ||    12
       Distracted        |     1 |       ||     1
Armor: Skin              |     6 |       ||     6
Dodge: Dodged            |    29 |     6 ||    35
